 Dungeon Crawl Stone Soup version 0.31-a0-435-g2c6fae2916 (webtiles) character file.

Game seed: 17863837430005755967

552908 Bnni the Slayer (level 24, -8/204 (236) HPs)
             Began as a Minotaur Fighter on Aug 1, 2023.
             Was a High Priest of Zin.
             Mangled by a shard shrike (10 damage)
             ... on level 4 of Cocytus.
             The game lasted 02:51:33 (60768 turns).

Bnni the Slayer (Minotaur Fighter)                 Turns: 60768, Time: 02:51:35

HP:   -8/204 (236)  AC: 37    Str: 32    XL:     24   Next: 51%
MP:   32/37         EV: 22    Int: 12    God:    Zin [*****.]
Gold: 2854          SH: 32    Dex: 29    Spells: 23/23 levels left

rFire   + + .        I - +9 eudemon blade (holy)
rCold   + + +        c - +7 tower shield of Teitykk {Contam Fly rF+ rC+}
rNeg    + . .        l - +0 gold dragon scales
rPois   ∞            v - +1 hat of Majestic Curiosity {Rampage +Blink}
rElec   .            a - +4 cloak of Hopscotch {Dex+4 SInv}
rCorr   .            m - +2 pair of gloves
SInv    +            O - +0 pair of boots
Will    +....        P - amulet "Vistu" {Faith rC+ Regen+} Stlth
                     S - ring of positive energy
HPRegen 1.34/turn    d - +4 ring of slaying
MPRegen 0.25/turn

%: rampage, faith
@: vitalised, on recite cooldown, flying, studying Necromancy, heavily drained,
unable to drink
A: horns 2, retaliatory headbutt
}: 4/15 runes: barnacled, slimy, abyssal, gossamer
a: Renounce Religion, Evoke Blink, Recite, Vitalisation, Imprison, Sanctuary,
Donate Gold


You were on level 4 of Cocytus.
You worshipped Zin.
Zin was extremely pleased with you.
You visited 12 branches of the dungeon, and saw 52 of its levels.
You visited the Abyss 1 time.
You visited 2 bazaars.
You also visited: Sewer, Ice Cave and Wizlab.

You collected 5853 gold pieces.
You spent 1532 gold pieces at shops.
You donated 1467 gold pieces to Zin.

Inventory:

Hand Weapons
 I - a +9 eudemon blade of holy wrath (weapon)
 Q - the +10 zealot's sword {holy, Zealotry, *Rage rN+ EV+3}
   (You took it off a deep elf sorcerer on level 3 of the Elven Halls)

   Zealotry:  Whenever the wielder enters a berserk rage, their allies are
   berserked alongside them.
   EV:        It affects your evasion (+3).
   rN:        It protects you from negative energy.
   *Rage:     It berserks you when you make melee attacks (+20% chance).
 Y - a +9 double sword of freezing
Missiles
 b - 10 silver javelins
 k - 6 curare-tipped darts
 u - 13 javelins
 K - 4 throwing nets
 M - 4 darts of dispersal
 T - 62 boomerangs (quivered)
Armour
 a - the +4 cloak of Hopscotch (worn) {Dex+4 SInv}
   (You found it on level 1 of the Shoals)

   Dex:       It affects your dexterity (+4).
   SInv:      It lets you see invisible.
 c - the +7 tower shield of Teitykk (worn) {Contam Fly rF+ rC+}
   (You acquired it on level 2 of the Lair of Beasts)

   rF:        It protects you from fire.
   rC:        It protects you from cold.
   Fly:       It grants you flight.
   Contam:    It causes magical contamination when unequipped.
 l - +0 gold dragon scales (worn)
 m - a +2 pair of gloves (worn)
 v - the +1 hat of Majestic Curiosity (worn) {Rampage +Blink}
   (You found it on level 1 of the Shoals)

   +Blink:    It lets you blink.
   Rampage:   It bestows one free step when moving towards enemies.
 O - a +0 pair of boots (worn)
Jewellery
 d - a +4 ring of slaying (right hand)
 e - a ring of protection from fire
 g - a ring of resist corrosion
 P - the amulet "Vistu" (around neck) {Faith rC+ Regen+}
   (You took it off a deep elf elementalist on level 3 of the Elven Halls)

   [amulet of faith]

   It allows you to gain divine favour quickly.
   rC:        It protects you from cold.
   Regen:     It increases your rate of health regeneration.
 S - a ring of positive energy (left hand)
Wands
 n - a wand of roots (27)
 H - a wand of digging (1)
 J - a wand of light (22)
Scrolls
 f - 7 scrolls of revelation
 h - 4 scrolls of immolation
 i - 9 scrolls of poison
 p - 3 scrolls of silence
 s - 8 scrolls of blinking
 w - 3 scrolls of fear
 x - 17 scrolls of teleportation
 y - 4 scrolls of fog
 F - 10 scrolls of enchant armour
 L - a scroll of summoning
 U - 3 scrolls of brand weapon
Potions
 o - 19 potions of ambrosia
 q - 24 potions of curing
 r - 6 potions of berserk rage
 t - 9 potions of mutation
 z - 9 potions of enlightenment
 A - 4 potions of cancellation
 B - 4 potions of haste
 C - 3 potions of resistance
 D - 9 potions of heal wounds
 E - 8 potions of might
 R - 4 potions of attraction
 V - 2 potions of magic
 X - a potion of invisibility
Miscellaneous
 j - a phantom mirror
 N - a phial of floods
 W - a lightning rod (4/4)


   Skills:
 + Level 23.4 Fighting
 - Level 16.0 Long Blades
 + Level 10.3 Throwing
 + Level 22.3 Armour
 + Level 18.8 Dodging
 - Level 20.0 Shields
 * Level 22.3 Invocations


You had 23 spell levels left.
You didn't know any spells.
Your spell library contained the following spells:

 Spells                   Type           Power      Damage    Failure   Level
 Apportation              Tloc           0%         N/A       98%         1
 Foxfire                  Conj/Fire      0%         2x1d4     98%         1
 Freeze                   Ice            0%         1d3       98%         1
 Magic Dart               Conj           0%         1d3       98%         1
 Necrotise                Necr           0%         1d4       98%         1
 Sandblast                Erth           0%         2d4       98%         1
 Shock                    Conj/Air       0%         1d3       98%         1
 Sting                    Tmut/Pois      0%         1d3       98%         1
 Summon Small Mammal      Summ           0%         N/A       98%         1
 Blink                    Tloc           0%         N/A       99%         2
 Cigotuvi's Dreadful Rot  Necr/Pois/Air  0%         N/A       99%         2
 Ensorcelled Hibernation  Hex/Ice        0%         N/A       99%         2
 Passwall                 Tmut/Erth      0%         N/A       99%         2
 Poisonous Vapours        Pois/Air       0%         N/A       99%         2
 Searing Ray              Conj           0%         2d4       99%         2
 Sublimation of Blood     Necr           0%         N/A       99%         2
 Wereblood                Tmut           0%         N/A       99%         2
 Call Canine Familiar     Summ           0%         N/A       100%        3
 Dazzling Flash           Conj/Hex       0%         N/A       100%        3
 Gell's Gravitas          Tloc           0%         N/A       100%        3
 Hailstorm                Conj/Ice       0%         3d3       100%        3
 Inner Flame              Hex/Fire       0%         N/A       100%        3
 Mephitic Cloud           Conj/Pois/Air  0%         N/A       100%        3
 Ozocubu's Armour         Ice            0%         N/A       100%        3
 Stone Arrow              Conj/Erth      0%         3d7       100%        3
 Summon Guardian Golem    Hex/Summ       0%         N/A       100%        3
 Swiftness                Air            0%         N/A       100%        3
 Teleport Other           Tloc           0%         N/A       100%        3
 Tukima's Dance           Hex            0%         N/A       100%        3
 Vhi's Electric Charge    Tloc/Air       0%         N/A       100%        3
 Volatile Blastmotes      Fire/Tloc      0%         2d10      100%        3
 Airstrike                Air            0%         2d(0-16)  100%        4
 Anguish                  Hex/Necr       0%         N/A       100%        4
 Animate Armour           Summ/Erth      0%         N/A       100%        4
 Dispel Undead            Necr           0%         3d6       100%        4
 Fulminant Prism          Conj/Hex       0%         3d5       100%        4
 Iskenderun's Mystic Bla  Conj/Tloc      0%         2d3       100%        4
 Leda's Liquefaction      Hex/Erth       0%         N/A       100%        4
 Manifold Assault         Tloc           0%         N/A       100%        4
 Passage of Golubria      Tloc           0%         N/A       100%        4
 Sticky Flame             Conj/Fire      0%         2d3       100%        4
 Summon Ice Beast         Ice/Summ       0%         N/A       100%        4
 Summon Lightning Spire   Summ/Air       0%         N/A       100%        4
 Agony                    Necr           0%         N/A       100%        5
 Alistair's Intoxication  Tmut/Pois      0%         N/A       100%        5
 Arcjolt                  Conj/Air       0%         1d10      100%        5
 Freezing Cloud           Conj/Ice/Air   0%         6-21      100%        5
 Irradiate                Conj/Tmut      0%         3d11      100%        5
 Iskenderun's Battlesphe  Conj           0%         2d6       100%        5
 Lee's Rapid Deconstruct  Erth           0%         3d4*      100%        5
 Metabolic Englaciation   Hex/Ice        0%         N/A       100%        5
 Silence                  Hex/Air        0%         N/A       100%        5
 Yara's Violent Unravell  Hex/Tmut       0%         3d3       100%        5
 Conjure Ball Lightning   Conj/Air       0%         3x3d6     100%        6
 Death Channel            Necr           0%         N/A       100%        6
 Dispersal                Tloc           0%         N/A       100%        6
 Leda's Unmaking          Conj/Erth      0%         9d1       100%        6
 Plasma Beam              Fire/Air       0%         2x1d10    100%        6
 Simulacrum               Ice/Necr       0%         N/A       100%        6
 Enfeeble                 Hex            0%         N/A       100%        7
 Monstrous Menagerie      Summ           0%         N/A       100%        7
 Orb of Destruction       Conj           0%         9d5       100%        7
 Spellforged Servitor     Conj/Summ      0%         N/A       100%        7
 Summon Hydra             Summ           0%         N/A       100%        7
 Discord                  Hex            0%         N/A       100%        8
 Disjunction              Tloc           0%         N/A       100%        8
 Lehudib's Crystal Spear  Conj/Erth      0%         10d2      100%        8
 Maxwell's Capacitive Co  Air            0%         ∞         100%        8


Dungeon Overview and Level Annotations

Branches:
Dungeon (15/15)            Temple (1/1) D:5            Lair (5/5) D:9
 Shoals (4/4) Lair:3       Spider (4/4) Lair:2        Slime (5/5) Lair:5
    Orc (2/2) D:11            Elf (3/3) Orc:2        Vaults (4/5) D:13
  Crypt (0/3) Vaults:3     Depths (4/4) D:15           Hell (visited)
    Dis (0/7) Hell            Geh (0/7) Hell            Coc (4/7) Hell
    Tar (0/7) Hell            Zot (0/5) Depths:4      Sewer (visited)
  IceCv (visited)          WizLab (visited)

Altars:
Ashenzari
Cheibriados
Dithmenos
Elyvilon
Fedhas
Gozag
Hepliaklqana
Kikubaaqudgha
Makhleb
Nemelex Xobeh
Okawaru
Qazlal
Ru
Sif Muna
Trog
Uskayaw
Vehumet
Wu Jian
Xom
Yredelemnul
Zin
The Shining One

Shops:
D:1 :   D:4 (   D:7 [   Orc:2 [(*:   Elf:1 *   Elf:2 ((*   Elf:3 ?   Shoals:2 *
Shoals:3 !(   Vaults:2 *   Depths:2 =::

Portals:
Hell: Depths:1 Depths:2 Depths:3 Depths:4
Abyss: Depths:3 Depths:4
Pandemonium: Depths:2 Depths:3
Ziggurat: Depths:3

Annotations:
Elf:2 exclusion: 5 doors


Innate Abilities, Weirdness & Mutations

You have a pair of horns on your head.
You reflexively headbutt those who attack you in melee.


Message History

"...was displeased, for did the law not say that..."
The four-headed hydra simulacrum is smitten by the wrath of Zin.
The four-headed hydra simulacrum is moderately damaged.
The teleport trap disappears.
The shard shrike disappears!
You block the shard shrike's attack.
Unknown command.
Blink to where?
Press: ? - help, Dir - move target
As you read the scroll of blinking, it crumbles to dust. "...those who did not become clean would be expelled?"
You finish reciting Ablutions 6:14.
You hear a hideous shriek!
You hear a roar!
A hellion comes into view.
A dire elephant simulacrum comes into view.
The wendigo gestures.
The caustic shrike simulacrum collapses into a mass of ice!
The mass of ice explodes!
The seracfall engulfs you but does no damage.
The shard shrike enters a dispersal trap!
The caustic shrike simulacrum blinks! x2
The four-headed hydra simulacrum blinks!
The wendigo blinks!
The shard shrike blinks!
The hellion blinks!
You blink.
The shard shrike blinks!
The shard shrike is engulfed in freezing vapours.
The hellion moves out of view.
The dire elephant simulacrum moves out of view.
Blink to where?
Press: ? - help, Dir - move target
As you read the scroll of blinking, it crumbles to dust.
The shard shrike seems to regain its courage.
The shard shrike spits a shard of ice at you.
You block the shard of ice.
You block the caustic shrike simulacrum's attack.
An iron giant simulacrum comes into view.
You block the caustic shrike simulacrum's attack.
The shard shrike is engulfed in freezing vapours.
The shard shrike claws you!
* * * LOW HITPOINT WARNING * * *
The shard shrike freezes you! You resist.
You die...

...##
.......#...≈#Z
.Z..≈≈≈#..≈#≈
#.§≈≈≈..≈≈≈
##.≈≈≈≈..≈
##.≈Z≈≈...
#§∩≈≈≈....
#...Z^Z.≈≈§≈b.#.
.......≈≈≈b.§@#
...b...≈≈#§#.#Z.≈#
##################


You could see 2 shard shrikes, a four-headed hydra simulacrum, a dire elephant
simulacrum, an iron giant simulacrum and 2 caustic shrike simulacra.

Vanquished Creatures
  the Royal Jelly (Slime:5)
  A dread lich (Coc:3)
  An ancient lich (WizLab)
  A juggernaut (Depths:3)
  4 shard shrikes (Coc:2)
  6 caustic shrikes
  2 golden dragons
  Geryon (Hell)
  A bone dragon (Depths:4)
  An Ice Fiend (Coc:2)
  2 liches
  3 deep elf blademasters
  A tentacled monstrosity (Depths:3)
  A walking frostbound tome (Depths:3)
  2 deep elf master archers (Elf:3)
  A walking earthen tome (Depths:3)
  2 walking divine tomes (Depths:3)
  A titan (Depths:3)
  16 acid blobs
  A sphinx (shapeshifter) (D:15)
  3 ancient champions
  6 sphinxes
  Gastronok (Lair:3)
  3 tengu reavers (Depths:3)
  2 krakens
  A storm dragon (Shoals:4)
  A shadow dragon (Hell)
  9 rockslimes (Slime:5)
  8 fire giants
  A nargun (Coc:2)
  12 azure jellies
  2 balrugs
  8 frost giants
  4 deep elf sorcerers
  11 vault wardens
  Louise (Spider:2)
  10 emperor scorpions
  2 iron dragons (Depths:3)
  3 shard shrike simulacra
  2 orc warlords
  2 deep elf elementalists (Elf:3)
  3 ghost moths (Spider:4)
  A draconian annihilator (Depths:4)
  6 reapers
  9 quicksilver oozes
  12 very ugly things
  6 formless jellyfish
  A spriggan defender (Depths:3)
  5 war gargoyles
  4 ironbound thunderhulks
  4 stone giants
  2 green draconians (Depths:4)
  14 ironbound preservers
  Nessos (D:13)
  A broodmother (Spider:2)
  2 elemental wellsprings (Coc:2)
  5 deep elf demonologists (Elf:3)
  4 vampire knights
  A white draconian (Depths:4)
  A lorocyproca (Hell)
  A black draconian (Depths:4)
  4 deep elf annihilators (Elf:3)
  8 spark wasps
  3 red draconians (Depths:4)
  14 dire elephants
  6 wendigos
  Snorg (D:10)
  3 ettins
  A yellow draconian (Depths:4)
  6 deep elf death magi
  2 blizzard demons (Coc:2)
  The ghost of Alapn the Covert, a journeyman KoEn of Dithmenos (Lair:4)
  3 crystal guardians
  2 entropy weavers
  Josephine (D:14)
  9 fire dragons
  A spriggan zombie (Hell)
  7 yaktaur captains
  5 jiangshi (Depths:1)
  7 merfolk javelineers
  3 deep elf high priests
  9 ice dragons
  6 great orbs of eyes
  9 vault guards
  A caustic shrike simulacrum (Coc:3)
  7 merfolk impalers
  3 peacekeepers
  7 hydras
  2 rakshasas
  8 merfolk avatars
  4 catoblepae
  21 centaur warriors
  Erica (D:8)
  9 boulder beetles
  A jorogumo (shapeshifter) (Elf:1)
  A juggernaut simulacrum (Coc:2)
  8 two-headed ogres
  A spriggan air mage (Depths:2)
  The ghost of Cilot the Convoker, a journeyman TeSu of Gozag (Shoals:1)
  7 ironbound frosthearts
  23 dancing weapons
  2 hell beasts (Coc:2)
  4 alligator snapping turtles
  4 death yaks (Lair:1)
  6 tengu warriors
  9 merfolk aquamancers
  7 deep troll shamans
  8 deep troll earth magi
  3 spriggan berserkers
  11 demonic crawlers
  A satyr (Shoals:3)
  Urug (D:12)
  A thrashing horror (Abyss:3)
  2 vampire magi (Depths:1)
  12 deep elf knights
  3 wretched stars (Abyss:3)
  10 hell knights
  An orc high priest (Orc:2)
  6 soul eaters
  12 skysharks
  18 sun demons
  6 iron trolls
  Nergalle (Lair:2)
  2 spatial maelstroms (Abyss:3)
  A quicksilver dragon simulacrum (Coc:2)
  13 sea snakes
  A titan skeleton (Hell)
  A sun moth (Spider:2)
  A glowing orange brain (shapeshifter) (Elf:3)
  2 shadow wraiths (Hell)
  10 skeletal warriors
  A death drake (Abyss:3)
  33 deep trolls
  6 pharaoh ants
  2 shadow demons
  9 orb spiders
  A swamp dragon (shapeshifter) (Depths:2)
  8 glowing orange brains
  8 deep elf archers
  A fenstrider witch simulacrum (Coc:1)
  3 lindwurms (Vaults:2)
  22 harpies
  14 ironbound convokers
  6 phantasmal warriors
  5 necromancers
  5 wizards
  19 deep elf zephyrmancers
  9 steelbarb worms
  21 deep elf pyromancers
  11 orc knights
  32 ugly things
  12 fauns
  2 cyclopes
  14 wolf spiders
  2 worldbinders
  23 manticores
  3 shining eyes
  2 moths of wrath
  3 oklob plants (Lair:2)
  4 elephants (Lair:5)
  3 black mambas
  17 vault sentinels
  7 merfolk sirens
  A naga mage (D:15)
  A molten gargoyle (Hell)
  2 titan simulacra (Coc:1)
  9 rust devils (Hell)
  4 eyes of devastation
  11 water nymphs
  2 torpor snails
  A gargoyle (D:11)
  Maggie (D:7)
  16 cane toads
  6 smoke demons (Hell)
  4 hellions
  2 unseen horrors (Depths:4)
  An efreet (D:13)
  12 yaktaurs
  3 bunyip simulacra
  9 komodo dragons
  6 rime drakes
  A freezing wraith (Abyss:3)
  A tormentor (Depths:1)
  3 red devils
  8 ice devils
  2 tengu conjurers
  A silent spectre (Abyss:3)
  3 ancient zymes (Abyss:3)
  20 merfolk
  5 catoblepas skeletons (Abyss:3)
  A queen bee (Lair:2)
  A meliai (shapeshifter) (D:9)
  9 hornets
  A polar bear (Lair:4)
  6 trolls
  12 wind drakes
  Prince Ribbit (D:8)
  22 tarantellas
  A hellwing (Abyss:3)
  6 raiju (Abyss:3)
  11 large abominations
  10 blink frogs (Lair:5)
  A wolf spider simulacrum (D:15)
  15 dream sheep
  A stone giant simulacrum (Coc:2)
  An ettin skeleton (Hell)
  25 jumping spiders
  A jumping spider (shapeshifter) (D:10)
  6 snapping turtles
  7 vampires
  18 culicivoras
  71 slime creatures
  3 dire elephant simulacra
  12 air elementals
  2 spriggans (Lair:4)
  2 shadows
  6 wyverns
  33 water elementals
  3 centaur simulacra
  2 humans (shapeshifter)
  3 fire elementals
  52 yaks
  7 wraiths
  2 golden eyes (Abyss:3)
  15 humans (D:12)
  A neqoxec (Abyss:3)
  A yak (shapeshifter) (Elf:1)
  2 chaos spawn
  A hog (Spider:2)
  Grum (Lair:1)
  6 basilisks
  2 steam dragons (D:9)
  A redback simulacrum (D:15)
  3 starcursed masses (Abyss:3)
  2 death yak simulacra (IceCv)
  55 redbacks
  3 vampire mosquitoes (D:14)
  5 two-headed ogre zombies (WizLab)
  2 wargs (Orc:1)
  11 harpy simulacra
  2 acid dragons
  12 water moccasins
  13 hell hounds
  3 hydra simulacra
  4 floating eyes
  A swamp drake (shapeshifter) (Elf:3)
  2 ice beasts
  2 sky beasts (D:7)
  A black bear (D:8)
  28 orc warriors
  2 ettin simulacra (Coc:2)
  2 boggarts
  A tengu (shapeshifter) (D:15)
  10 ogres
  20 centaurs
  8 wolves
  5 kobold brigands
  A phantom (D:6)
  15 bullfrogs
  2 gnoll sergeants
  32 scorpions
  A naga simulacrum (Coc:1)
  13 earth elementals
  11 small abominations
  4 cane toad simulacra
  11 wights
  2 elephant simulacra (IceCv)
  37 killer bees
  8 troll zombies (WizLab)
  2 electric eels
  A vampire bat (D:9)
  10 howler monkeys
  A quasit (Abyss:3)
  4 hounds
  A jelly (D:6)
  20 orc priests
  4 gnoll boudas
  An iron imp (Abyss:3)
  4 iguanas
  19 orc wizards
  A troll simulacrum (IceCv)
  6 hell rats
  4 spriggan simulacra
  3 polar bear simulacra (IceCv)
  3 wolf simulacra (IceCv)
  4 ogre zombies (WizLab)
  27 gnolls
  12 adders
  10 river rats
  A shadow imp (D:5)
  A white imp (D:8)
  4 ufetubi
  6 worms
  6 dart slugs
  52 orcs
  7 endoplasms
  4 giant cockroaches
  6 goblins
  4 hobgoblins
  3 jackals (Sewer)
  21 kobolds
  10 quokkas
  12 ball pythons
  23 bats
  2 frilled lizards
  4 rats
  6 tentacles
2069 creatures vanquished.

Vanquished Creatures (collateral kills)
  Kirke (Spider:2)
  An orc warlord (Orc:2)
  An ironbound preserver (Vaults:4)
  2 purple draconians (Depths:4)
  A catoblepas (Lair:2)
  A two-headed ogre (Orc:1)
  A merfolk aquamancer (Shoals:4)
  2 orc high priests (Orc:1)
  A hell knight (Depths:4)
  An orc knight (Orc:2)
  A necromancer (Depths:4)
  2 orc sorcerers (Orc:2)
  An oklob plant (Lair:2)
  A manticore (D:8)
  3 elephants (Lair:2)
  A black mamba (Lair:5)
  An ice statue (IceCv)
  An anaconda simulacrum (IceCv)
  3 freezing wraiths (IceCv)
  7 ice devils (IceCv)
  2 merfolk
  A hornet (Lair:5)
  2 hogs (Spider:2)
  4 yaks
  2 redbacks (Spider:2)
  4 death yak simulacra (IceCv)
  2 hydra simulacra (IceCv)
  4 orc warriors (Orc:2)
  An ogre (Orc:2)
  A scorpion (Spider:1)
  An elephant simulacrum (IceCv)
  5 orc priests
  2 orc wizards (Orc:2)
  A troll simulacrum (IceCv)
  A polar bear simulacrum (IceCv)
  A wolf simulacrum (IceCv)
  A spriggan simulacrum (IceCv)
  2 gnolls (D:5)
  A white imp (D:6)
  An ufetubus (IceCv)
  2 orcs (Orc:2)
74 creatures vanquished.

Vanquished Creatures (others)
  A frost giant (Depths:3)
  A deep elf sorcerer (Elf:3)
  2 deep elf elementalists (Elf:3)
  A shard shrike simulacrum (Coc:2)
  A wendigo (Coc:1)
  2 caustic shrike simulacra
  A deep elf zephyrmancer (Elf:3)
  A hellion (Coc:2)
  A shadow dragon simulacrum (Coc:1)
  3 centaur simulacra
  A water elemental (Elf:1)
  A naga simulacrum (Coc:1)
  2 humans
  2 harpy simulacra
  An orc warrior (Orc:2)
  A centaur (D:13)
  A hell rat (Hell)
  7 tentacles
30 creatures vanquished.

Grand Total: 2173 creatures vanquished

Notes
Turn   | Place    | Note
-------+----------+-------------------------------------------
     0 | D:1      | Bnni the Minotaur Fighter began the quest for the Orb.
     0 | D:1      | Reached XP level 1. HP: 19/19 MP: 0/0
    38 | D:1      | Found Voilotin's Book Emporium.
   180 | D:1      | Reached XP level 2. HP: 27/27 MP: 1/1
   354 | D:1      | Reached skill level 4 in Fighting
   620 | D:1      | Reached XP level 3. HP: 33/33 MP: 2/2
  1389 | D:2      | Reached XP level 4. HP: 38/41 MP: 3/3
  2059 | D:3      | Reached skill level 5 in Long Blades
  2368 | D:4      | Found the +2 ratskin cloak {*Rats rPois rN+ Str-1 Int-1
                  | Dex+1}
  2370 | D:4      | Reached XP level 5. HP: 47/47 MP: 4/4
  2372 | D:4      | Reached skill level 5 in Fighting
  2607 | D:4      | You fall into a shaft and drop 1 floor!
  2607 | D:5      | Entered Level 5 of the Dungeon
  2658 | D:5      | Reached XP level 6. HP: 56/56 MP: 5/5
  2724 | D:5      | Found a glowing drain.
  2732 | Sewer    | Entered a sewer
  2921 | Sewer    | Reached skill level 6 in Fighting
  3524 | D:5      | Noticed an ice beast
  3528 | D:5      | Killed an ice beast
  3529 | D:5      | Reached XP level 7. HP: 64/64 MP: 6/6
  3576 | D:5      | Found a sparkling altar of Nemelex Xobeh.
  3975 | D:5      | Found a staircase to the Ecumenical Temple.
  3985 | Temple   | Entered the Ecumenical Temple
  4058 | Temple   | Became a worshipper of the Shining One
  4649 | D:6      | Reached skill level 7 in Fighting
  4649 | D:6      | Reached skill level 1 in Invocations
  4748 | D:6      | Reached XP level 8. HP: 72/73 MP: 8/8
  5392 | D:7      | Noticed Maggie
  5404 | D:7      | Killed Maggie
  5415 | D:7      | Reached skill level 10 in Long Blades
  5582 | D:7      | Reached skill level 8 in Fighting
  5612 | D:7      | Found Bebrat's Armour Emporium.
  6239 | D:8      | Noticed a manticore
  6240 | D:8      | Reached * piety under the Shining One
  6240 | D:8      | Noticed a two-headed ogre
  6263 | D:8      | Killed a manticore
  6264 | D:8      | Reached XP level 9. HP: 45/82 MP: 11/11
  6271 | D:8      | Killed a two-headed ogre
  6272 | D:8      | Reached skill level 9 in Fighting
  6272 | D:8      | Reached skill level 5 in Invocations
  6353 | D:8      | Noticed a cyan ugly thing
  6385 | D:8      | Killed a cyan ugly thing
  6589 | D:8      | Noticed Prince Ribbit
  6594 | D:8      | Killed Prince Ribbit
  6736 | D:8      | Reached XP level 10. HP: 84/93 MP: 13/13
  6870 | D:8      | Noticed Erica
  6881 | D:8      | Killed Erica
  6882 | D:8      | Reached skill level 10 in Fighting
  7104 | D:8      | Found a hazy altar of Hepliaklqana.
  7113 | D:8      | Found an opulent altar of Gozag.
  7315 | D:8      | Reached skill level 1 in Dodging
  7581 | D:9      | Reached skill level 5 in Armour
  7847 | D:9      | Found a bloodstained altar of Trog.
  7987 | D:9      | Noticed a two-headed ogre
  7994 | D:9      | Reached XP level 11. HP: 91/101 MP: 15/15
  7999 | D:9      | Reached skill level 11 in Fighting
  8005 | D:9      | Killed a two-headed ogre
  8122 | D:9      | Reached ** piety under the Shining One
  8236 | D:9      | Reached skill level 5 in Dodging
  8240 | D:9      | Noticed a centaur warrior
  8242 | D:9      | Noticed a centaur warrior
  8247 | D:9      | Killed a centaur warrior
  8252 | D:9      | Killed a centaur warrior
  8258 | D:9      | Noticed a cyan ugly thing
  8260 | D:9      | Noticed a six-headed hydra
  8263 | D:9      | Noticed a red ugly thing
  8270 | D:9      | Killed a two-headed hydra
  8273 | D:9      | Killed a red ugly thing
  8277 | D:9      | Killed a red ugly thing
  8667 | D:9      | Found a staircase to the Lair.
  8951 | D:10     | Entered Level 10 of the Dungeon
  9101 | D:10     | Reached skill level 12 in Fighting
  9133 | D:10     | Noticed Snorg
  9151 | D:10     | Killed Snorg
  9268 | D:10     | Noticed a tengu warrior
  9268 | D:10     | Noticed a brown ugly thing
  9269 | D:10     | Noticed a yaktaur captain
  9275 | D:10     | Killed a yaktaur captain
  9276 | D:10     | Reached XP level 12. HP: 88/112 MP: 17/17
  9284 | D:10     | Killed a tengu warrior
  9331 | D:10     | Noticed a boulder beetle
  9331 | D:10     | Reached *** piety under the Shining One
  9362 | D:10     | Killed a boulder beetle
  9615 | D:10     | Noticed a two-headed ogre
  9621 | D:10     | Killed a two-headed ogre
  9711 | D:10     | Found a basalt altar of Yredelemnul.
 10038 | D:11     | Found an ornate altar of the Wu Jian Council.
 10164 | D:11     | Reached skill level 5 in Shields
 10331 | D:11     | Found a staircase to the Orcish Mines.
 10365 | D:11     | Noticed a boulder beetle
 10380 | D:11     | Killed a boulder beetle
 11006 | D:12     | Noticed a two-headed ogre
 11017 | D:12     | Killed a two-headed ogre
 11026 | D:12     | Reached skill level 13 in Fighting
 11209 | D:12     | Noticed a boulder beetle
 11224 | D:12     | Killed a boulder beetle
 11386 | D:12     | Reached **** piety under the Shining One
 11549 | D:12     | Found a shimmering altar of Xom.
 11559 | D:12     | Reached XP level 13. HP: 109/122 MP: 19/19
 11913 | D:13     | Noticed Urug
 11913 | D:13     | Noticed Nessos
 11913 | D:13     | Found a gate to the Vaults.
 11934 | D:12     | Reached skill level 10 in Dodging
 12169 | D:12     | Killed Urug
 12279 | D:13     | Reached skill level 10 in Armour
 12576 | D:13     | Killed Nessos
 12883 | D:13     | Reached skill level 10 in Invocations
 13385 | D:14     | Reached ***** piety under the Shining One
 13494 | D:14     | Reached skill level 10 in Shields
 13743 | D:14     | Noticed Josephine
 13755 | D:14     | Killed Josephine
 13760 | D:14     | Reached skill level 14 in Fighting
 14385 | D:15     | Entered Level 15 of the Dungeon
 14415 | D:15     | Reached XP level 14. HP: 92/132 MP: 20/20
 15428 | D:15     | Noticed a sphinx
 15440 | D:15     | Killed a sphinx
 15657 | D:15     | Found a staircase to the Depths.
 15794 | D:15     | Reached skill level 15 in Fighting
 16058 | Lair:1   | Entered Level 1 of the Lair of Beasts
 16123 | Lair:1   | Noticed Grum
 16135 | Lair:1   | Killed Grum
 17045 | Lair:2   | Found a hole to the Spider Nest.
 17070 | Lair:2   | Paralysed by a floating eye for 2 turns
 17081 | Lair:2   | Found a frozen archway.
 17134 | IceCv    | Entered an ice cave
 17599 | IceCv    | Reached XP level 15. HP: 143/143 MP: 23/23
 17723 | IceCv    | Reached ****** piety under the Shining One
 17832 | IceCv    | Found an ancient bone altar of Kikubaaqudgha.
 18046 | Lair:2   | Paralysed by a floating eye for 2 turns
 18880 | Lair:2   | Noticed Nergalle
 18892 | Lair:2   | Killed Nergalle
 19177 | Lair:2   | Reached skill level 16 in Fighting
 19363 | Lair:2   | Identified a scroll of acquirement
 19364 | Lair:2   | Acquired the +7 tower shield of Teitykk {Contam Fly rF+
                  | rC+}
 19515 | Lair:3   | Found a staircase to the Shoals.
 19515 | Lair:3   | Noticed Gastronok
 19536 | Lair:3   | Killed Gastronok
 19558 | Lair:3   | Identified the +4 ring mail of Sohic {Rampage Will+ Slay+3}
 21016 | Lair:4   | Found a runed translucent door.
 21017 | Lair:4   | Noticed Alapn's ghost (journeyman KoEn)
 21018 | Lair:4   | Identified the +8 trident of Jexobousu {freeze, rC+ rN+
                  | MP+9 Int+3}
 21345 | Lair:4   | Killed Alapn's ghost
 21390 | Lair:5   | Entered Level 5 of the Lair of Beasts
 21577 | Lair:5   | Found a staircase to the Slime Pits.
 22076 | Lair:5   | Reached XP level 16. HP: 152/152 MP: 24/24
 22089 | Lair:5   | Found the +4 robe of Folly {Brill Will-∞ Int+8}
 22171 | Lair:5   | Identified the +10 trident of Death {heavy, *Rage *Noise
                  | rCorr Dex+9}
 22583 | Orc:1    | Entered Level 1 of the Orcish Mines
 22952 | Orc:1    | Found a transporter.
 23103 | Orc:1    | Found a transporter.
 23163 | Orc:1    | Identified the +0 helmet "Jurypeph" {rF+ Str+5}
 23212 | Orc:1    | Reached XP level 17. HP: 160/160 MP: 25/25
 23214 | Orc:2    | Entered Level 2 of the Orcish Mines
 23214 | Orc:2    | Found a staircase to the Elven Halls.
 23317 | Orc:2    | Reached skill level 17 in Fighting
 23438 | Orc:2    | Found Menoi's General Store.
 23447 | Orc:2    | Found Guelumm's Book Boutique.
 23554 | Orc:2    | Found a gateway to a bazaar.
 23976 | Orc:2    | Found Ryott's Antique Weapon Boutique.
 23991 | Orc:2    | Found Baurorr's Antique Armour Boutique.
 24082 | Bazaar   | Entered a bazaar
 24083 | Bazaar   | Found Ymiat's Antique Armour Shop.
 24096 | Bazaar   | Found Vastiebo's General Store.
 24102 | Bazaar   | Found Liann's Antique Armour Boutique.
 24112 | Bazaar   | Found Farphuned's Armour Boutique.
 24160 | Bazaar   | Bought a steaming hat for 270 gold pieces
 24160 | Bazaar   | Identified the +0 hat of Zameit {Int-5 Dex+5} (You bought
                  | it in a shop in a bazaar)
 24170 | Bazaar   | Lost intelligence.
 24231 | Bazaar   | Bought a pair of glowing gloves for 135 gold pieces
 24233 | Bazaar   | Bought a pair of runed gloves for 135 gold pieces
 24307 | Orc:2    | Bought a scroll of blinking for 97 gold pieces
 24484 | Spider:1 | Entered Level 1 of the Spider Nest
 25404 | Spider:1 | Reached skill level 15 in Shields
 26121 | Spider:2 | Reached skill level 15 in Armour
 26291 | Spider:2 | Noticed Kirke
 26316 | Spider:2 | Killed Kirke
 26522 | Spider:2 | Noticed Louise
 26542 | Spider:2 | Killed Louise
 27369 | Spider:3 | Reached XP level 18. HP: 171/171 MP: 21/27
 27716 | Spider:4 | Entered Level 4 of the Spider Nest
 28517 | Spider:4 | Reached skill level 18 in Fighting
 28532 | Spider:4 | Reached skill level 15 in Dodging
 28701 | Spider:4 | Got a gossamer rune of Zot
 29125 | Shoals:1 | Entered Level 1 of the Shoals
 29223 | Shoals:1 | Found a runed translucent gate.
 29223 | Shoals:1 | Found a runed translucent gate.
 29223 | Shoals:1 | Found a runed translucent gate.
 29226 | Shoals:1 | Noticed Cilot's ghost (journeyman TeSu)
 29919 | Shoals:1 | Identified the +4 cloak of Hopscotch {Dex+4 SInv}
 30509 | Shoals:1 | Killed Cilot's ghost
 30544 | Shoals:1 | Identified the amulet "Joge" {RegenMP rC+ rN+ rCorr Stlth-}
 30546 | Shoals:1 | Identified the +1 hat of Majestic Curiosity {Rampage
                  | +Blink}
 30774 | Shoals:2 | Found Jaleac's Gadget Gallery.
 31801 | Shoals:3 | Found Pofuus's Distillery.
 31804 | Shoals:3 | Bought a potion of curing for 33 gold pieces
 31804 | Shoals:3 | Bought a potion of curing for 33 gold pieces
 31804 | Shoals:3 | Bought a potion of heal wounds for 55 gold pieces
 31807 | Shoals:3 | Found Keefo's Antique Weapon Shoppe.
 31990 | Shoals:3 | Reached XP level 19. HP: 181/181 MP: 26/29
 32849 | Shoals:4 | Entered Level 4 of the Shoals
 32849 | Shoals:4 | Found a stormy altar of Qazlal.
 33238 | Shoals:4 | Reached skill level 15 in Invocations
 33244 | Shoals:4 | Reached skill level 19 in Fighting
 33284 | Shoals:4 | Identified the +1 dire flail "Gighiogg" {freeze, Fragile
                  | rF+ Will+ Str+3 Int+4}
 33288 | Shoals:4 | Got a barnacled rune of Zot
 33291 | Shoals:4 | Got the Monograph on Toxicants
 33293 | Shoals:4 | Got the Compilation of Reshaped Lightning
 33454 | Shoals:4 | Found a blossoming altar of Fedhas.
 33458 | Shoals:4 | Paralysed by an air elemental for 1 turns
 33734 | Shoals:4 | Paralysed by an air elemental for 1 turns
 33815 | Shoals:4 | Paralysed by an air elemental for 1 turns
 33819 | Shoals:4 | Paralysed by an air elemental for 1 turns
 34638 | Depths:1 | Entered Level 1 of the Depths
 35047 | Depths:1 | Found a stormy altar of Qazlal.
 35455 | Depths:1 | Found a gateway to Hell.
 35771 | Hell     | Entered the Vestibule of Hell
 35773 | Hell     | Noticed Geryon
 36490 | Depths:2 | Reached XP level 20. HP: 190/192 MP: 23/31
 36522 | Depths:2 | Paralysed by a sphinx for 5 turns
 36537 | Depths:2 | Paralysed by a sphinx for 4 turns
 36555 | Depths:2 | Identified the +4 rapier "Facocyatz" {heavy, Will+}
 37121 | Depths:2 | Found a one-way gate leading to the halls of Pandemonium.
 37151 | Depths:2 | Found Ruergheu's Book Boutique.
 37153 | Depths:2 | Found Taisuerph's Jewellery Emporium.
 37155 | Depths:2 | Found Quqanuoc's Book Boutique.
 37163 | Depths:2 | Bought a ring of resist corrosion for 360 gold pieces
 37259 | Depths:3 | Paralysed by a floating eye for 3 turns
 37589 | Depths:3 | Noticed a golden dragon
 37600 | Depths:3 | Killed a golden dragon
 37659 | Depths:3 | Noticed a caustic shrike
 37676 | Depths:3 | Killed a caustic shrike
 37954 | Depths:3 | Noticed a juggernaut
 37977 | Depths:3 | Killed a juggernaut
 37978 | Depths:3 | Reached skill level 20 in Fighting
 38279 | Depths:3 | Got the Reference Book on Flashy Rime
 38281 | Depths:3 | Got the Guide on Ouranomancy and Shades
 38714 | Depths:3 | Found a sacrificial altar of Ru.
 38843 | Depths:3 | Found a one-way gate to the infinite horrors of the Abyss.
 38925 | Depths:3 | Found a one-way gateway to a ziggurat.
 39204 | Depths:4 | Entered Level 4 of the Depths
 39215 | Depths:4 | Paralysed by a floating eye for 2 turns
 39577 | Depths:4 | Noticed a caustic shrike
 39577 | Depths:4 | Noticed a caustic shrike
 39577 | Depths:4 | Noticed a caustic shrike
 39577 | Depths:4 | Noticed a caustic shrike
 39581 | Depths:4 | Noticed a caustic shrike
 39595 | Depths:4 | Killed a caustic shrike
 39730 | Depths:4 | Killed a caustic shrike
 39738 | Depths:4 | Killed a caustic shrike
 39742 | Depths:4 | Killed a caustic shrike
 39748 | Depths:4 | Killed a caustic shrike
 40112 | Depths:4 | Reached XP level 21. HP: 202/202 MP: 7/32
 40375 | Depths:4 | Identified a +7 eudemon blade of holy wrath (a +5 demon
                  | blade blessed by the Shining One)
 40375 | Depths:4 | Received a gift from the Shining One
 40494 | Depths:4 | Noticed a golden dragon
 40509 | Depths:4 | Killed a golden dragon
 40955 | Depths:4 | Found a gate to the Realm of Zot.
 41430 | Temple   | Fell from the grace of the Shining One
 41430 | Temple   | Became a worshipper of Zin the Law-Giver
 41430 | Temple   | Reached * piety under Zin
 41430 | Temple   | Reached ** piety under Zin
 41430 | Temple   | Reached *** piety under Zin
 41430 | Temple   | Reached **** piety under Zin
 41430 | Temple   | Reached ***** piety under Zin
 41702 | Slime:1  | Entered Level 1 of the Pits of Slime
 42191 | Slime:5  | Entered Level 5 of the Pits of Slime
 42260 | Slime:5  | Reached skill level 1 in Throwing
 42806 | Slime:5  | Noticed the Royal Jelly
 42832 | Slime:5  | Was placed under penance by Zin
 42844 | Slime:5  | Killed the Royal Jelly
 42873 | Slime:5  | Reached skill level 21 in Fighting
 42900 | Slime:5  | Donated 1253 gold pieces to Zin
 43187 | Slime:5  | Got The Intricacies of Theurgy
 43233 | Slime:5  | Was forgiven by Zin
 43244 | Slime:5  | Got a slimy rune of Zot
 43259 | Slime:5  | Got the Elucidation of the Sixfirhy and Transmogrification
 44030 | Elf:1    | Entered Level 1 of the Elven Halls
 44560 | Elf:1    | Found Aecyin's Alliterative Armaments.
 44961 | Elf:1    | You are sucked into a shaft and drop 1 floor!
 45199 | Elf:2    | Found a huge runed translucent gate.
 45199 | Elf:2    | Found a huge runed translucent gate.
 45199 | Elf:2    | Found a huge runed translucent gate.
 45200 | Elf:2    | Found a huge runed translucent gate.
 45201 | Elf:2    | Found a huge runed translucent gate.
 45255 | Elf:2    | Reached XP level 22. HP: 198/213 MP: 19/34
 45394 | Elf:2    | Found Hesiulowko's Antique Weapon Shop.
 45394 | Elf:2    | Found Turonot's Antique Weapon Boutique.
 45398 | Elf:2    | Found Rosok's General Store.
 45487 | Elf:2    | Bought a potion of might for 56 gold pieces
 45605 | Elf:2    | Paralysed by an air elemental for 1 turns
 46049 | Elf:1    | Found a gateway to a bazaar.
 46127 | Bazaar   | Entered a bazaar
 46141 | Bazaar   | Found Bugrixt's Armour Emporium.
 46157 | Bazaar   | Found Oweps's Magic Scroll Emporium.
 46218 | Bazaar   | Bought a scroll of blinking for 82 gold pieces
 46218 | Bazaar   | Bought a scroll of enchant weapon for 82 gold pieces
 46218 | Bazaar   | Bought a scroll of enchant armour for 82 gold pieces
 47931 | D:4      | Found Jefehuh's Weapon Shoppe.
 49082 | Elf:3    | Entered Level 3 of the Elven Halls
 49505 | Elf:3    | Found Fiuseojuq's Magic Scroll Shoppe.
 49512 | Elf:3    | Bought a scroll of enchant weapon for 112 gold pieces
 49823 | Elf:3    | Identified the amulet "Vistu" {Faith rC+ Regen+}
 49858 | Elf:3    | Reached skill level 5 in Throwing
 49889 | Elf:3    | Reached ****** piety under Zin
 50224 | Elf:3    | Paralysed by an air elemental for 1 turns
 50227 | Elf:3    | Paralysed by an air elemental for 1 turns
 50235 | Elf:3    | Paralysed by an air elemental for 1 turns
 50441 | Elf:3    | Identified the staff "Awycs" {rElec Str+7 Air}
 50445 | Elf:3    | Identified the +1 kite shield of Whack-A-Mole {Drain rCorr
                  | Dex+3 SInv}
 50471 | Elf:3    | Identified the +7 dagger of Destiny {pain, rC+}
 50507 | Elf:3    | Identified the +7 dagger of Ahoilapp {drain, rElec MP+9
                  | Dex+2 SInv Stlth-}
 50765 | Vaults:1 | Entered Level 1 of the Vaults
 51376 | Vaults:1 | Reached skill level 15 in Long Blades
 51894 | Vaults:1 | Got Sif Muna's Octavo of Transmuted Mortification
 52634 | Vaults:2 | Found Voufroug's Assorted Antiques.
 52697 | Vaults:2 | Found a magical portal.
 52707 | WizLab   | Entered Zonguldrok's Shrine
 53131 | WizLab   | Noticed an antique lich
 53140 | WizLab   | Killed an antique lich
 53190 | WizLab   | Found the +9 sword of Zonguldrok {reap}
 53572 | Vaults:2 | Reached XP level 23. HP: 163/222 MP: 0/36
 53586 | Vaults:2 | Reached skill level 22 in Fighting
 55125 | Vaults:3 | Found a staircase to the Crypt.
 55795 | Vaults:3 | Acquired the ring of Hes Xoak {rC+++ Will+ Str+7 Int-5
                  | Dex-3}
 58085 | Depths:3 | Voluntarily entered the Abyss.
 58150 | Abyss:2  | Found a corrupted altar of Lugonu.
 58391 | Abyss:3  | Got an abyssal rune of Zot
 58562 | Depths:3 | Escaped the Abyss
 58958 | Depths:3 | Reached XP level 24. HP: 118/234 MP: 18/36
 59083 | Hell     | Reached skill level 23 in Fighting
 59535 | Hell     | Killed Geryon
 59561 | Hell     | Found a gateway to the freezing wastes of Cocytus.
 59621 | Hell     | Found a gateway to the decaying netherworld of Tartarus.
 59663 | Hell     | Paralysed by a vampire knight for 3 turns
 59753 | Hell     | Found a gateway to the ashen valley of Gehenna.
 59821 | Hell     | Found a gateway to the Iron City of Dis.
 59970 | Coc:1    | Entered Level 1 of Cocytus
 60153 | Coc:1    | You are sucked into a shaft and drop 1 floor!
 60154 | Coc:2    | Paralysed by a wendigo for 1 turns
 60154 | Coc:2    | Noticed a shard shrike
 60156 | Coc:2    | Noticed a shard shrike
 60157 | Coc:2    | Noticed a shard shrike
 60171 | Coc:2    | Noticed a shard shrike
 60175 | Coc:2    | Killed a shard shrike
 60181 | Coc:2    | Killed a shard shrike
 60195 | Coc:2    | Killed a shard shrike
 60199 | Coc:2    | Reached skill level 10 in Throwing
 60258 | Coc:2    | Paralysed by a wendigo for 1 turns
 60345 | Coc:2    | Paralysed by a wendigo for 1 turns
 60364 | Coc:2    | HP: 11/235 [stone giant simulacrum (2)]
 60365 | Coc:2    | Zin protects you from harm!
 60365 | Coc:2    | HP: 3/235 [stone giant simulacrum (3)]
 60365 | Coc:2    | HP: 1/235 [stone giant simulacrum (2)]
 60391 | Coc:2    | HP: 8/235 [shard shrike/shard of ice (28)]
 60396 | Coc:2    | HP: 9/235 [shard shrike/shard of ice (4)]
 60402 | Coc:2    | Killed a shard shrike
 60741 | Coc:3    | Noticed a dread lich
 60751 | Coc:3    | Killed a dread lich
 60757 | Coc:3    | Paralysed by a wendigo for 1 turns
 60764 | Coc:4    | Noticed a shard shrike
 60764 | Coc:4    | Noticed a shard shrike
 60764 | Coc:4    | Noticed a shard shrike
 60764 | Coc:4    | Noticed a shard shrike
 60765 | Coc:4    | HP: 8/204 [shard shrike (11)]
 60768 | Coc:4    | HP: 2/204 [shard shrike (10)]
 60768 | Coc:4    | Mangled by a shard shrike

Illustrated notes

Levels and vault maps discovered:
D:1:      wheals_arrival_linesprint, layout_basic, serial_shops, shop_fountains,
          serial_park_tiny_1, hangedman_decor_growths
D:2:      layout_basic
D:3:      layout_basic, kennysheep_generic_room_14
D:4:      layout_rooms, serial_shops, nicolae_shop_peninsula,
          hangedman_decor_peaks_small, small_statue_intersection
D:5:      layout_loops_ring, mainiacjoe_overflow_concentric_impassable,
          minmay_temple_entry_antechambers, lightli_sewer_entry_pipes
D:6:      cheibrodos_iron_armory, layout_loops_cross, serial_rivers,
          chequers_serial_rivers_micro_b, chequers_serial_rivers_large_b,
          chequers_serial_rivers_small_3, chequers_serial_rivers_large_a
D:7:      layout_gridville, serial_shops, nicolae_shop_real_fake_doors,
          uniq_maggie
D:8:      minmay_curly_fans, layout_loops_ring, mainiacjoe_overflow_swirl,
          uniq_erica, uniq_prince_ribbit1
D:9:      minmay_the_grid_4x2 [minmay_the_grid_dragon_b,
          minmay_the_grid_minigrid_small_alt, minmay_the_grid_fan,
          minmay_the_grid_mess, minmay_the_grid_outer_diamond,
          minmay_the_grid_x, minmay_the_grid_plusring,
          minmay_the_grid_prize_four_corners], layout_irregular_city,
          bloody_trog, dpeg_oklobed_lair, roderic_batcave
D:10:     nzn_winding_woodlands_small [nzn_winding_woodlands_5x15_cabin,
          nzn_winding_woodlands_center_lodge,
          nzn_winding_woodlands_5x15_parted], layout_small_grid,
          mainiacjoe_overflow_surrounded_room, minmay_misc_feat_plants,
          uniq_snorg
D:11:     layout_loops_cross, minmay_orc_entry_temple_small, kennysheep_path_1,
          nicolae_wu_jian_wuxing_cycle
D:12:     layout_loops_cross, xom_teletrap_fun
D:13:     layout_cross, david_vaults_3, glass_columns_c
D:14:     layout_roguey, chequers_serial_rivers_micro_c, uniq_josephine
D:15:     hangedman_depths_entry_try_elsewhere_first, layout_basic,
          serial_bayou_ford_a, hangedman_corner_corridor
Temple:   minmay_temple_bridge_d
Lair:1:   layout_cave_shapes, nicolae_lair_grazing_beasts
          [nicolae_sub_lair_graze_edge, nicolae_sub_lair_graze_edge,
          nicolae_sub_lair_graze_edge, nicolae_sub_lair_graze_edge],
          grunt_megastairs_5, serial_bayou_shore_b, serial_bayou_shore_b,
          uniq_grum
Lair:2:   layout_concentric_octagons, nicolae_spider_entry_orb_guardian,
          portal_ice_cave_entry_ice_simulacra, special_room [special_room_bee],
          disabler_island, serial_bayou_shore_b, uniq_nergalle
Lair:3:   layout_cellular_growth, minmay_shoals_entry_centaurs,
          beast_lair_carwin_2, uniq_gastronok, uniq_nessos
Lair:4:   layout_cave_pods, ebering_ghost_funeral_grove, grunt_megastairs_3
Lair:5:   gammafunk_lair_ancient_temple, layout_gridlike, slime_entry_1,
          dreamdust_deal_with_the_devil, serial_bayou_pond_c
Shoals:1: layout_shoals, gammafunk_ghost_tricky_traps
Shoals:2: layout_shoals, nicolae_shop_gadgets
Shoals:3: layout_shoals, nicolae_stop_n_shop_2, nicolae_stop_n_shop_2
Shoals:4: shoals_end_hellmonk_storm_palace [storm_palace_center_square,
          storm_palace_corner_pillars, storm_palace_corner_blocked,
          storm_palace_corner_altar, storm_palace_corner_altar]
Spider:1: spiders_nest_a, nicolae_spider_paper_wasps
Spider:2: layout_spider_delve, nicolae_spider_cling_halls, uniq_kirke,
          uniq_louise
Spider:3: layout_spider_delve
Spider:4: grunt_spider_rune_circles
Slime:1:  layout_caves, cheibrodos_slime_lost_civilization_6
Slime:2:  layout_caves
Slime:3:  layout_caves
Slime:4:  layout_caves
Slime:5:  slime_pit_nicolae_royal_road_to_ruin
Orc:1:    gammafunk_beogh_shrine, layout_caves
Orc:2:    grunt_orc_cross, layout_diamond_mine, serial_shops, statue_bzr,
          special_room
Elf:1:    eino_elf_arrival_customs, layout_loops_corners, serial_shops,
          bzr_entry_gold, hangedman_elf_represent, monkooky_shop_alliterative
Elf:2:    elven_hall_of_blades_hangedman_alternative [grunt_blade_entry_basic],
          layout_geoelf_octagon, small_statue_intersection, minmay_shop_star
Elf:3:    elf_hall, layout_gridlike, serial_shops, shop
Vaults:1: nicolae_vaults_house_3, v_rooms_6, v_misc_8,
          nicolae_vaults_halls_meeting, v_misc_24, v_alt_pattern_1,
          nicolae_vaults_closet_pinwheel_6, vaults_room_hallway,
          vaults_mumra_hex, nicolae_vaults_ring_of_whatevers,
          hangedman_vaults_impose, nicolae_vaults_oval_intersection,
          vaults_mumra_minichess, nicolae_vaults_specimen_jars,
          nicolae_vaults_yaktaur_gun_rack, layout_vaults_ring
Vaults:2: infiniplex_enter_wizlab_glasses, nicolae_vaults_network_quinsquares
          [nicolae_vaults_network_quincunx_subvault,
          nicolae_vaults_network_quincunx_subvault,
          nicolae_vaults_network_quincunx_subvault,
          nicolae_vaults_network_quincunx_subvault], nicolae_vaults_mitosis,
          nicolae_vaults_steering_wheel, nicolae_vaults_inception_corners,
          nicolae_vaults_house_3, vaults_room_door_hall,
          hangedman_vaults_cutoff, layout_vaults_chaotic_city, serial_shops,
          nicolae_shop_statue_plus
Vaults:3: ontoclasm_vaults_chip, nicolae_vaults_stairing_the_circle,
          nicolae_vaults_tetromino_L_1, v_misc_2,
          nicolae_vaults_ring_of_whatevers, nicolae_vaults_tetromino_Z_2,
          nicolae_vaults_security_offices_1, layout_vaults_omnigrid,
          dummy_crypt_entry
Vaults:4: v_misc_17, vaults_room_boxed, v_misc_28, v_misc_33,
          hangedman_vaults_slice, vaults_standard_mumra_x,
          nicolae_vaults_border_crossing, nicolae_vaults_apartment_2,
          nicolae_vaults_tetromino_L_1, ontoclasm_vaults_decontamination,
          layout_vaults_omnicross
Depths:1: layout_roguey, pf_vacation_house_of_asmodeus, hangedman_decor_lopped,
          glass_columns_b, nicolae_qazlal_eye_of_the_storm
Depths:2: dreamdust_cat_pyramid, layout_twisted_cross, rand_demon_pan_entry_4,
          kennysheep_nondescript, hell_entry, firewood_loft,
          infiniplex_staircase_split_hallway, minmay_shop_grove
Depths:3: minmay_nine_rooms, layout_long_grid, enter_ziggurat_a,
          nicolae_ru_awakened_eye, pan_entry, serial_rivers,
          chequers_serial_rivers_marsh, chequers_serial_rivers_micro_a,
          chequers_serial_rivers_small_a, chequers_serial_rivers_room_a,
          chequers_serial_rivers_micro_c, chequers_serial_rivers_marsh,
          abyss_entry, pf_coc_iceberg
Depths:4: grunt_twist_and_shout, layout_cave_pools, hell_entry,
          minmay_room_of_horrors
Hell
Coc:1:    nicolae_coc_icebeans_plural [nicolae_sub_coc_subbean,
          nicolae_sub_coc_subbean, nicolae_sub_coc_subbean,
          nicolae_sub_coc_subbean], layout_cocytus_water_paths
Coc:2:    nicolae_hells_demon_pit, layout_cocytus_delve
Coc:3:    layout_cocytus_delve, nicolae_coc_icebean_singular
          [nicolae_sub_coc_subbean]
Coc:4:    layout_cocytus_delve

Skill      XL: |  1  2  3  4  5  6  7  8  9 10 11 12 13 14 15 16 17 18 19 20 21 22 23 24 |
---------------+-------------------------------------------------------------------------+-----
Long Blades    | 3 4 5 6 7 9 11 12 14 16 | 16.0
Fighting       | 4 5 6 7 8 9 10 12 13 14 15 16 17 18 19 20 21 22 23 | 23.4
Invocations    | 1 4 5 7 8 9 10 12 13 14 16 17 19 20 21 22 | 22.3
Armour         | 5 7 9 11 12 14 15 16 17 18 20 21 22 | 22.3
Dodging        | 3 8 9 11 12 13 14 15 16 17 18 | 18.8
Shields        | 7 10 12 14 16 18 19 20 | 20.0
Throwing       | 4 6 9 10 | 10.3

Action                     |  1- 3 |  4- 6 |  7- 9 | 10-12 | 13-15 | 16-18 | 19-21 | 22-24 || total
---------------------------+-------+-------+-------+-------+-------+-------+-------+-------++-------
  Melee: Long sword        |    54 |       |       |       |       |       |       |       ||    54
         Headbutt          |     7 |    39 |    67 |   148 |   369 |   435 |   781 |   608 ||  2454
         Dagger            |    30 |   250 |   222 |     8 |       |       |       |       ||   510
         Scimitar          |       |       |       |   478 |  1158 |  1261 |  1355 |       ||  4252
         Eudemon blade     |       |       |       |       |       |       |   702 |   672 ||  1374
         Double sword      |       |       |       |       |       |       |       |  1052 ||  1052
  Throw: Dart              |       |       |       |     2 |     3 |       |       |       ||     5
         Throwing net      |       |       |       |       |     1 |       |       |     1 ||     2
         Boomerang         |       |       |       |       |       |       |       |     6 ||     6
 Invoke: Divine Shield     |       |       |     1 |       |     4 |     3 |     8 |       ||    16
         Summon Divine War |       |       |       |       |     3 |     4 |     3 |       ||    10
         Cleansing Flame   |       |       |       |       |       |       |     1 |       ||     1
         Vitalisation      |       |       |       |       |       |       |     2 |    15 ||    17
         Recite            |       |       |       |       |       |       |     1 |    28 ||    29
         Donate Gold       |       |       |       |       |       |       |     1 |       ||     1
         Brand Weapon With |       |       |       |       |       |       |     1 |       ||     1
         Imprison          |       |       |       |       |       |       |       |     5 ||     5
         Sanctuary         |       |       |       |       |       |       |       |     4 ||     4
  Evoke: Wand              |       |       |     1 |     3 |     4 |     8 |    15 |     3 ||    34
    Use: Potion            |       |     1 |     2 |     2 |     2 |     5 |     8 |     4 ||    24
         Scroll            |       |       |     6 |     8 |    16 |     3 |     9 |    17 ||    59
   Stab: Confused          |       |       |       |       |       |       |     1 |    24 ||    25
         Paralysed         |       |       |       |       |       |       |       |     5 ||     5
         Invisible         |       |       |       |       |       |       |       |     1 ||     1
 Armour: Scale mail        |    30 |       |       |       |       |       |       |       ||    30
         Chain mail        |     9 |   120 |    48 |       |       |       |       |       ||   177
         Swamp dragon scal |       |       |    53 |    99 |       |       |       |       ||   152
         Troll leather arm |       |       |       |    17 |       |       |       |       ||    17
         Plate armour      |       |       |       |    87 |   485 |    30 |   309 |       ||   911
         Ring mail         |       |       |       |       |   123 |   303 |       |       ||   426
         Gold dragon scale |       |       |       |       |       |       |   269 |   492 ||   761
  Dodge: Dodged            |    34 |    92 |    81 |   230 |   594 |   612 |   642 |   476 ||  2761
  Block: Buckler           |    12 |    55 |    53 |    41 |       |       |       |       ||   161
         Kite shield       |       |       |       |    96 |   636 |       |       |       ||   732
         Tower shield      |       |       |       |       |   515 |  1795 |  2402 |  1922 ||  6634

Table legend: (Time is in decaauts)
 A = Elapsed time spent in this place.
 B = Non-inter-level travel time spent in this place.
 C = Inter-level travel time spent in this place.
 D = Time resting spent in this place.
 E = Time spent auto-exploring this place.
 F = Levels seen in this place.
 G = Mean time per level.
                   A        B        C        D        E       F      G
               +--------+--------+--------+--------+--------+-----+--------+
         Total |  59589 |  53658 |   5931 |   6086 |  35673 |  60 |  993.2 |
       Dungeon |  17154 |  15000 |   2154 |   1730 |  10714 |  15 | 1143.6 |
        Temple |    186 |      4 |    182 |      0 |      0 |   1 |  186.0 |
          Lair |   6439 |   5337 |   1102 |    382 |   3942 |   5 | 1287.8 |
        Shoals |   5654 |   5303 |    351 |    313 |   3867 |   4 | 1413.5 |
   Spider Nest |   4503 |   4364 |    139 |     85 |   3338 |   4 | 1125.8 |
    Slime Pits |   2387 |   2019 |    368 |    659 |    610 |   5 |  477.4 |
  Orcish Mines |   1864 |   1380 |    484 |     95 |    960 |   2 |  932.0 |
   Elven Halls |   3781 |   3452 |    329 |    109 |   2449 |   3 | 1260.3 |
        Vaults |   6413 |   6099 |    314 |    196 |   4864 |   4 | 1603.2 |
        Depths |   7016 |   6560 |    456 |   1784 |   3300 |   4 | 1754.0 |
          Hell |    522 |    488 |     34 |      0 |    281 |   1 |  522.0 |
       Cocytus |    746 |    733 |     13 |    371 |    157 |   4 |  186.5 |
         Abyss |    416 |    416 |      0 |     19 |      0 |   3 |  138.7 |
        Bazaar |    308 |    308 |      0 |     21 |     95 |   2 |  154.0 |
         Sewer |    841 |    841 |      0 |      0 |    530 |   1 |  841.0 |
      Ice Cave |    767 |    767 |      0 |    319 |    165 |   1 |  767.0 |
        Wizlab |    587 |    587 |      0 |      0 |    400 |   1 |  587.0 |
               +--------+--------+--------+--------+--------+-----+--------+

Top non-repeatable levels by time:
Depths:3: 2821 daAuts
  Lair:2: 1860 daAuts
     D:9: 1825 daAuts
    D:15: 1813 daAuts
Vaults:1: 1801 daAuts
    D:12: 1768 daAuts
 Slime:5: 1726 daAuts
Shoals:1: 1682 daAuts
Shoals:4: 1679 daAuts
Spider:1: 1664 daAuts
Vaults:2: 1658 daAuts
Vaults:3: 1557 daAuts
   Elf:1: 1491 daAuts
   Elf:3: 1490 daAuts
Depths:4: 1481 daAuts
